 Dungeon Crawl Stone Soup version 0.30.1-9-gdf580d7c3d (webtiles) character file.

Game seed: 17922949541038120969

7642 lonewolfV2 the Spear-Bearer (level 10, -7/130 HPs)
             Began as a Demonspawn Berserker on Oct 20, 2023.
             Was a Priest of Trog.
             Killed from afar by Erica (24 damage)
             ... with a lance of force
             ... on level 9 of the Dungeon.
             The game lasted 00:17:16 (10543 turns).

lonewolfV2 the Spear-Bearer (Demonspawn Berserker) Turns: 10543, Time: 00:17:16

Health: -7/130     AC: 16    Str: 22    XL:     10   Next: 99%
Magic:  10/10      EV:  9    Int:  8    God:    Trog [***...]
Gold:   405        SH:  0    Dex: 10    Spells: 9/9 levels left

rFire   x . .        t - +5 trident of the Countless Hosts {freeze, rElec rC+ Dex-3 Stlth+}
rCold   + + .        (no shield)
rNeg    . . .        h - +1 chain mail
rPois   +            (helmet restricted)
rElec   +            (no cloak)
rCorr   .            C - +0 pair of gloves
SInv    .            d - +0 pair of boots
Will    .....        (no amulet) Stlth
                     w - ring of ice
HPRegen 0.41/turn    y - ring of poison resistance
MPRegen 0.12/turn

%: no passive effects
@: berserking (expiring), very quick
A: horns 1, rugged brown scales 2, foul stench 2
a: Renounce Religion, Berserk, Trog's Hand


You were on level 9 of the Dungeon.
You worshipped Trog.
Trog was most pleased with you.
You visited 1 branch of the dungeon, and saw 9 of its levels.
You also visited: Sewer.

You collected 405 gold pieces.

Inventory:

Hand Weapons
 a - a +1 hand axe
 t - the +5 trident of the Countless Hosts (weapon) {freeze, rElec rC+ Dex-3 Stlth+}
   (You found it on level 4 of the Dungeon)

   Dex:       It affects your dexterity (-3).
   rC:        It protects you from cold.
   rElec:     It insulates you from electricity.
   Stlth:     It makes you more stealthy.
Armour
 b - a +0 animal skin
 d - a +0 pair of boots (worn)
 h - a +1 chain mail (worn)
 C - a +0 pair of gloves (worn)
Magical Staves
 s - the staff of fire "Xomufum" {rF+ rN+ Int-5 Dex+6}
   (You found it on level 4 of the Dungeon)

   [staff of fire]

   Base accuracy: +5 Base damage: 5 Base attack delay: 1.2 This weapon's minimum
   attack delay (0.6) is reached at skill level 12.
   Int:       It affects your intelligence (-5).
   Dex:       It affects your dexterity (+6).
   rF:        It protects you from fire.
   rN:        It protects you from negative energy.
   It falls into the 'Staves' category.
   It is a one-handed weapon.
   Trog disapproves of the use of such an item.
Jewellery
 w - a ring of ice (left hand)
 y - a ring of poison resistance (right hand)
 z - a ring of see invisible
 B - a +6 ring of intelligence
 G - a ring of positive energy
Wands
 i - a wand of roots (4)
 v - a wand of polymorph (10)
Scrolls
 g - 3 scrolls of teleportation
 l - 4 scrolls of fog
 m - 3 scrolls of amnesia
 u - 3 scrolls of enchant armour
 x - 3 scrolls of magic mapping
 A - a scroll of enchant weapon
 F - 2 scrolls of fear
Potions
 c - 3 potions of lignification
 e - 2 potions of might
 f - 3 potions of degeneration
 j - 3 potions of invisibility
 k - a potion of mutation
 n - a potion of attraction
 o - 2 potions of heal wounds
 p - 2 potions of cancellation
 q - a potion of brilliance {unknown}
 r - 2 potions of curing
 E - a potion of flight {unknown}
 H - a potion of resistance


   Skills:
 + Level 9.1 Fighting
 - Level 4.4(7.7) Axes
 * Level 9.8(10.2) Polearms
 + Level 8.0 Armour
 - Level 3.8 Dodging


You had 9 spell levels left.
You didn't know any spells.
Your spell library was empty.

Dungeon Overview and Level Annotations

Branches:
Dungeon (9/15)             Temple (0/1) D:6           Sewer (visited)
   Lair: D:8-11         Orc: D:9-12

Altars:
Okawaru
Qazlal
Ru
Vehumet

Annotations:
D:3 3 runed translucent doors, turdburglar's ghost, amateur GnWn
D:9 Erica


Innate Abilities, Weirdness & Mutations

You have a pair of small horns on your head.
You are mostly covered in rugged brown scales. (AC +2, +5% HP)
You sometimes emit foul miasma when damaged in melee.


Message History

You kill Gastronok!
Trog accepts your kill.
Trog appreciates your killing of a magic user.
Your life force feels restored.
Your Fighting skill increases to level 9!
Your Armour skill increases to level 8!
Something hits you. Something burns you.
Things that are here:
a +2 hat of stealth; the elephant slug corpse of Gastronok You closely miss something.
Your headbutt misses something.
You hear some strange, mumbled words.
A bolt of poison appears from out of thin air!
The bolt of poison hits you. You resist.
You closely miss something. Something hits you but does no damage.
You miss something.
You hear some strange, mumbled words.
You feel yourself slow down.
You barely miss something. Something hits you. Something burns you.
* * * LOW HITPOINT WARNING * * *
You puncture something! You freeze something.
You hear a zap.
A bolt of dispelling energy appears from out of thin air!
The bolt of dispelling energy hits you!
Your magical effects are unravelling.
* * * LOW HITPOINT WARNING * * *
You miss something.
You feel yourself speed up. Something hits you!
* * * LOW HITPOINT WARNING * * *
Something burns you.
* * * LOW HITPOINT WARNING * * *
You barely miss something. Something hits you.
* * * LOW HITPOINT WARNING * * *
Something burns you.
* * * LOW HITPOINT WARNING * * *
You miss something. Your headbutt misses something.
You hear some strange, mumbled words.
A lance of force appears from out of thin air!
The lance of force hits you!!
You die...

# .# #.##
#######..>###
#.....@{....#
#.#####...#.#
#.# #.# #.## #.
#.# #.# .# #.#
#.#####.##### #
#.#
#.#.........##
#.#
#.#.###.##...#.
#.#
#.#.##.........
#.#
#....#..##...##


There were no monsters in sight!

Vanquished Creatures
  Gastronok (D:9)
  2 two-headed ogres (D:8)
  Maurice (D:8)
  Sigmund (D:3)
  2 humans (D:7)
  6 yaks (D:8)
  2 steam dragons
  Menkaure (D:7)
  2 water moccasins
  A sky beast (D:7)
  4 orc warriors
  A black bear (D:6)
  An ice beast (D:5)
  4 ogres
  A centaur (D:8)
  A phantom (D:6)
  A bullfrog (D:8)
  2 kobold brigands (Sewer)
  Blork the orc (D:6)
  13 wights
  4 killer bees (D:8)
  A howler monkey (D:4)
  An electric eel (D:8)
  A jelly (D:6)
  3 orc priests
  3 hounds
  3 sleepcaps (D:6)
  3 iguanas
  Natasha (thrice) (D:3)
  6 orc wizards
  4 gnolls (D:4)
  10 adders
  A river rat (Sewer)
  3 shadow imps
  2 white imps
  3 worms
  A dart slug (D:5)
  29 orcs
  2 bats (D:1)
  8 endoplasms
  2 giant cockroaches (D:1)
  3 goblins
  5 hobgoblins
  2 jackals (D:3)
  A quokka (D:4)
  4 ball pythons
  3 frilled lizards
  9 kobolds
  11 rats
179 creatures vanquished.

Notes
Turn   | Place    | Note
-------+----------+-------------------------------------------
     0 | D:1      | lonewolfV2 the Demonspawn Berserker began the quest for the
                  | Orb.
     0 | D:1      | Reached XP level 1. HP: 18/18 MP: 1/1
   215 | D:1      | Gained mutation: You have a pair of small horns on your
                  | head. [demonic ancestry]
   215 | D:1      | Reached XP level 2. HP: 24/24 MP: 2/2
   921 | D:2      | Reached ** piety under Trog
   954 | D:2      | Gained mutation: You may rarely emit foul miasma when
                  | damaged in melee. [demonic ancestry]
   954 | D:2      | Reached XP level 3. HP: 23/29 MP: 3/3
  1301 | D:2      | Found a faded altar of an unknown god.
  1660 | D:3      | Identified the +0 robe of Thoughtfulness {rElec rC+}
  1663 | D:3      | Noticed Natasha
  1670 | D:3      | Killed Natasha
  1671 | D:3      | Reached XP level 4. HP: 25/35 MP: 4/4
  1677 | D:3      | Noticed Natasha
  1682 | D:3      | Killed Natasha
  1832 | D:3      | Noticed Natasha
  1840 | D:3      | Killed Natasha
  1944 | D:3      | Noticed a kobold brigand
  1946 | D:3      | Found a runed translucent gate.
  1946 | D:3      | Found a runed translucent gate.
  1948 | D:3      | Found a runed translucent gate.
  1950 | D:3      | Noticed turdburglar's ghost (amateur GnWn)
  1974 | D:3      | Noticed Sigmund
  1992 | D:3      | Killed Sigmund
  1993 | D:3      | Gained mutation: You are partially covered in rugged brown
                  | scales. (AC +1, +3% HP) [demonic ancestry]
  1993 | D:3      | Reached XP level 5. HP: 30/43 MP: 5/5
  1993 | D:3      | Gained mutation: You are mostly covered in rugged brown
                  | scales. (AC +2, +5% HP) [demonic ancestry]
  1993 | D:3      | Reached XP level 6. HP: 30/50 MP: 6/6
  2636 | D:4      | Found a glowing drain.
  2656 | Sewer    | Entered a sewer
  3637 | D:4      | Reached XP level 7. HP: 54/57 MP: 7/7
  3726 | D:4      | Found a radiant altar of Vehumet.
  3726 | D:4      | Found a sacrificial altar of Ru.
  3921 | D:4      | Identified the staff of fire "Xomufum" {rF+ rN+ Int-5
                  | Dex+6}
  3989 | D:4      | Identified the +5 trident of the Countless Hosts {freeze,
                  | rElec rC+ Dex-3 Stlth+}
  4575 | D:5      | Entered Level 5 of the Dungeon
  4601 | D:5      | Reached skill level 5 in Fighting
  4610 | D:5      | Reached skill level 1 in Polearms
  5355 | D:5      | Gained mutation: You sometimes emit foul miasma when
                  | damaged in melee. [demonic ancestry]
  5355 | D:5      | Reached XP level 8. HP: 43/66 MP: 8/8
  5359 | D:5      | Reached *** piety under Trog
  5989 | D:6      | Noticed Blork the orc
  5996 | D:6      | Killed Blork the orc
  6053 | D:6      | Reached skill level 5 in Armour
  6063 | D:6      | Found a staircase to the Ecumenical Temple.
  6386 | D:6      | Reached skill level 5 in Polearms
  7054 | D:7      | Reached XP level 9. HP: 74/74 MP: 9/9
  7331 | D:7      | HP: 3/63 [wight/+2 mace of freezing (1)]
  7406 | D:7      | Noticed Menkaure
  7414 | D:7      | Killed Menkaure
  7733 | D:7      | Found an iron altar of Okawaru.
  8399 | D:8      | Noticed Maurice
  8407 | D:8      | Killed Maurice
  8408 | D:8      | Reached XP level 10. HP: 84/84 MP: 10/10
  8545 | D:8      | Noticed a two-headed ogre
  8570 | D:8      | Killed a two-headed ogre
  9442 | D:8      | Found a stormy altar of Qazlal.
  9510 | D:8      | Noticed a two-headed ogre
  9522 | D:8      | Killed a two-headed ogre
 10519 | D:9      | Noticed Gastronok
 10520 | D:9      | Noticed Erica
 10534 | D:9      | Killed Gastronok
 10543 | D:9      | Killed from afar by Erica

Illustrated notes

Levels and vault maps discovered:
D:1:      wander_arrival_abandoned_jail, layout_basic, kennysheep_small_spiral,
          minmay_misc_feat_rows
D:2:      layout_loops_corners, hellmonk_ecumenical_altar_inner_sanctum
D:3:      layout_basic, gammafunk_ghost_split, nicolae_kite_square_tiling_tiny,
          minmay_circle_x, uniq_sigmund, uniq_natasha
D:4:      layout_gridville, mainiacjoe_overflow_divided_tiny,
          cheibrodos_sewer_entry_drain
D:5:      layout_gridville
D:6:      layout_loops_ring, minmay_temple_entry_enclosed_plants,
          hellmonk_no_cap, uniq_blork_the_orc
D:7:      layout_basic, okawaru_humans, uniq_menkaure
D:8:      layout_cave_pods, marbit_many_paths, kennysheep_cross_bottleneck,
          kennysheep_generic_room_4, uniq_maurice
D:9:      layout_loops_ring, gammafunk_temple_overflow_elements, uniq_erica,
          uniq_gastronok

Skill      XL: |  1  2  3  4  5  6  7  8  9 10 |
---------------+-------------------------------+-----
Armour         | 2 3 4 5 6 8 |  8.0
Dodging        | 2 3 |  3.8
Axes           | 3 4 |  4.4
Fighting       | 4 5 6 7 9 |  9.1
Polearms       | 3 5 7 9 |  9.8

Action                     |  1- 3 |  4- 6 |  7- 9 | 10-12 || total
---------------------------+-------+-------+-------+-------++-------
  Melee: Hand axe          |    60 |   167 |    37 |       ||   264
         Punch             |     1 |     3 |     1 |     3 ||     8
         Headbutt          |     7 |    17 |    39 |    19 ||    82
         Trident           |       |       |   252 |    93 ||   345
 Invoke: Berserk           |       |     1 |     6 |     2 ||     9
         Trog's Hand       |       |     1 |     6 |     1 ||     8
  Evoke: Wand              |       |       |       |     1 ||     1
    Use: Scroll            |     4 |     6 |     6 |     2 ||    18
         Potion            |       |       |     4 |       ||     4
   Stab: Sleeping          |     1 |       |       |       ||     1
 Armour: Animal skin       |     5 |       |       |       ||     5
         Leather armour    |     7 |       |       |       ||     7
         Chain mail        |     4 |    94 |   254 |    34 ||   386
  Dodge: Dodged            |    31 |    81 |   206 |    19 ||   337
